Map: Distant Plane

Players

Grumm

  • Race: Protoss Protoss
  • League: Gold

OxuS

  • Race: Terran Terran
  • League: Diamond

ColdLogic

  • Race: Protoss Protoss

Crusader

  • Race: Terran Terran
  • League: Diamond

VOD

Have the link to the VOD?

Description

Time

  • Played on: Jan. 30, 2016, 5:05 p.m.
  • Length: 14:17
Show
View Real Time Build Order
Export as new Build Order

Grumm Protoss 

Build Orders:  

Get SALT Encoding   

  12  0:01  Probe (Chrono Boost)  
  13  0:11  Probe (Chrono Boost)  
  14  0:19  Pylon  
  14  0:22  Probe (Chrono Boost)  
  15  0:30  Assimilator  
  15  0:38  Probe (Chrono Boost)  
  16  0:43  Gateway  
  16  0:48  Probe (Chrono Boost)  
  17  0:59  Probe (Chrono Boost)  
  18  1:05  Gateway  
  18  1:09  Probe (Chrono Boost)  
  19  1:20  Probe (Chrono Boost)  
  19  1:23  Pylon  
  20  1:30  Probe (Chrono Boost)  
  21  1:35  Zealot  
  23  1:41  Probe (Chrono Boost)  
  23  1:42  Cybernetics Core  
  24  1:51  Assimilator  
  24  1:54  Zealot  
  24  2:00  Pylon  
  25  2:17  Pylon  
  25  2:19  Warp Gate (Chrono Boost)  
  25  2:20  Stalker  
  25  2:22  Adept  
  29  2:30  Probe (Chrono Boost)  
  30  2:42  Probe  
  30  2:43  Robotics Facility  
  31  3:33  Nexus  
  31  3:36  Pylon  
  29  4:02  Probe (Chrono Boost)  
  28  4:03  Immortal (Chrono Boost)  
  28  4:13  Probe (Chrono Boost)  
  28  4:15  Forge  
  29  4:17  Gateway  
  29  4:19  Gateway  
  29  4:24  Pylon  
  29  4:28  Mothership Core  
  31  4:31  Stalker  
  31  4:38  Adept  
  35  4:41  Observer (Chrono Boost)  
  36  4:50  Photon Cannon  
  36  4:58  Photon Cannon  
  36  5:09  Zealot  
  38  5:15  Adept  
  40  5:26  Warp Prism (Chrono Boost)  
  40  5:28  Probe  
  43  5:29  Probe  
  44  5:40  Probe  
  44  5:41  Adept  
  44  5:42  Sentry  
  49  5:47  Zealot  
  51  5:58  Photon Cannon  
  49  6:20  Stalker x4  
  57  6:37  Immortal (Chrono Boost)  
  61  6:44  Zealot x2  
  61  6:46  Adept  
  67  7:03  Stalker  
  63  7:24  Stalker x3  
  63  7:26  Zealot  
  65  7:50  Zealot x4  
  51  8:00  Probe  
  51  8:02  Probe  
  49  8:10  Immortal (Chrono Boost)  
  49  8:11  Probe  
  54  8:14  Stargate, Probe  
  54  8:16  Stargate  
  51  8:21  Probe  
  51  8:23  Protoss Ground Weapons Level 1 (Chrono Boost)  
  51  8:26  Assimilator, Probe  
  53  8:29  Pylon  
  53  8:30  Assimilator  
  53  8:32  Probe  
  54  8:38  Probe  
  55  8:42  Probe  
  56  8:50  Probe  
  55  8:57  Zealot x3  
  55  8:58  Zealot  
  63  9:14  Forge  
  63  9:16  Twilight Council  
  63  9:19  Pylon, Stalker x3  
  69  9:34  Void Ray  
  69  9:35  Void Ray  
  77  9:48  Probe  
  78  9:56  Pylon  
  78  9:58  Photon Cannon  
  78  10:08  Warp Prism  
  78  10:10  Pylon  
  78  10:14  Protoss Ground Armor Level 1 (Chrono Boost)  
  80  10:16  Void Ray  
  61  10:44  Stalker x4  
  67  11:05  Void Ray  
  67  11:08  Probe x2  
  73  11:30  Nexus  
  73  11:31  Charge  
  73  11:32  Pylon, Zealot  
  73  11:33  Zealot x2  
  73  11:35  Sentry  
  73  12:06  Gateway  
  71  12:10  Gateway  
  71  12:12  Stalker, Photon Cannon  
  73  12:17  Pylon  
  73  12:26  Probe x2  
  75  12:33  Stalker  
  77  12:38  Probe  
  77  12:44  Assimilator  
  78  12:51  Robotics Bay  
  78  12:58  Zealot x2  
  82  13:01  Sentry  
  84  13:08  Sentry x3  
  90  13:15  Immortal  
  90  13:16  Probe  
  95  13:24  Void Ray  
  73  13:50  Stalker x3  
  73  13:52  Zealot x3  
Show
View Real Time Build Order
Export as new Build Order

OxuS Terran 

Build Orders: Liberator Opening 

Get SALT Encoding   

  12  0:01  SCV  
  13  0:17  SCV  
  14  0:27  Supply Depot  
  14  0:29  SCV  
  15  0:49  SCV  
  16  0:50  Refinery  
  16  0:52  Barracks  
  16  1:01  SCV  
  17  1:08  Refinery  
  17  1:13  SCV  
  17  1:17  Supply Depot  
  18  1:25  SCV  
  19  1:38  Reaper  
  20  1:54  Factory  
  20  2:00  Supply Depot  
  20  2:01  Orbital Command  
  20  2:12  Reaper  
  21  2:29  SCV  
  22  2:32  Supply Depot  
  22  2:37  Widow Mine  
  22  2:39  Starport  
  24  3:05  Marine  
  24  3:06  Widow Mine  
  24  3:12  Supply Depot  
  26  3:19  Engineering Bay  
  26  3:20  Medivac  
  26  3:23  Marine  
  29  3:32  Supply Depot  
  29  3:33  Liberator  
  29  3:34  Widow Mine  
  31  3:41  Marine  
  34  4:03  Widow Mine  
  36  4:14  SCV  
  36  4:15  Liberator  
  37  4:17  Marine  
  38  4:26  SCV  
  39  4:32  Widow Mine  
  39  4:35  Marine  
  45  4:38  SCV  
  46  4:53  Marine  
  45  5:00  Widow Mine  
  45  5:15  Medivac  
  45  5:37  Widow Mine  
  46  5:42  SCV  
  46  5:45  Medivac  
  45  5:55  SCV  
  39  6:06  Widow Mine  
  34  6:38  SCV  
  34  6:39  Factory Reactor  
  35  6:42  Factory Tech Lab  
  35  6:50  Barracks Tech Lab, SCV  
  36  7:02  SCV  
  37  7:12  Command Center  
  37  7:26  Siege Tank  
  37  7:28  Marauder  
  37  7:29  Stimpack  
  39  7:49  Marine  
  40  7:58  Siege Tank  
  43  8:03  SCV  
  44  8:15  SCV  
  45  8:30  Siege Tank  
  48  8:36  Planetary Fortress  
  48  9:02  Siege Tank  
  51  9:25  Marauder  
  53  9:32  Barracks x2  
  53  9:33  Barracks  
  53  9:34  Siege Tank  
  53  9:35  Barracks  
  53  9:36  Barracks  
  51  9:46  Marauder  
  51  9:47  SCV  
  51  9:49  Missile Turret  
  54  9:59  Combat Shields, SCV  
  55  10:06  Siege Tank  
  58  10:07  Marauder  
  58  10:11  SCV  
  61  10:16  Missile Turret  
  61  10:23  SCV  
  53  10:28  Marine  
  46  10:38  Siege Tank  
  49  10:47  Marauder  
  49  10:49  Barracks Reactor x2  
  51  10:50  Barracks Reactor  
  51  11:08  Marauder  
  51  11:09  Barracks Reactor x2  
  53  11:28  Refinery  
  53  11:29  Marauder, Refinery  
  55  11:42  Marine x4  
  55  11:46  Concussive Shells  
  59  11:51  Marauder  
  59  11:52  Missile Turret  
  61  12:03  Terran Infantry Weapons Level 1  
  61  12:10  Supply Depot  
  61  12:11  Marine x2  
  61  12:12  Marauder  
  61  12:14  Marine  
  66  12:16  SCV  
  67  12:28  Marine x3  
  70  12:32  Marine x2  
  70  12:33  Marauder, Marine x2  
  70  12:34  Medivac  
  52  13:00  Marine x4  
  52  13:01  Marine x7  
  63  13:10  Medivac  
  65  13:20  Marine x3  
  65  13:25  SCV  
  69  13:37  SCV  
Show
View Real Time Build Order
Export as new Build Order

ColdLogic Protoss 

Build Orders: 1 Gate Expand 

Get SALT Encoding   

  12  0:01  Probe (Chrono Boost)  
  14  0:14  Probe (Chrono Boost)  
  14  0:24  Probe (Chrono Boost)  
  14  0:26  Pylon  
  15  0:44  Gateway, Probe (Chrono Boost)  
  16  0:50  Assimilator  
  16  0:54  Probe (Chrono Boost)  
  17  1:05  Probe (Chrono Boost)  
  18  1:15  Probe (Chrono Boost)  
  19  1:24  Nexus  
  19  1:32  Probe (Chrono Boost)  
  20  1:39  Cybernetics Core  
  20  1:43  Probe (Chrono Boost)  
  21  1:49  Pylon  
  21  1:54  Probe (Chrono Boost)  
  22  1:59  Assimilator  
  22  2:04  Probe (Chrono Boost)  
  23  2:17  Mothership Core (Chrono Boost)  
  25  2:29  Adept (Chrono Boost)  
  27  2:37  Probe  
  27  2:38  Probe  
  29  2:52  Robotics Facility  
  29  2:53  Adept (Chrono Boost)  
  30  3:17  Probe, Adept (Chrono Boost)  
  30  3:18  Probe  
  34  3:35  Probe  
  34  3:36  Probe  
  34  3:39  Pylon  
  35  4:00  Adept (Chrono Boost)  
  35  4:02  Probe  
  35  4:04  Probe  
  35  4:06  Warp Prism  
  39  4:12  Warp Gate (Chrono Boost)  
  39  4:18  Probe x2  
  39  4:21  Adept  
  41  4:30  Pylon, Probe x2  
  45  4:34  Pylon  
  45  4:35  Twilight Council  
  45  4:39  Forge  
  45  4:40  Pylon  
  45  4:44  Observer  
  46  4:56  Probe x2  
  48  5:08  Probe x2  
  50  5:20  Probe  
  50  5:21  Probe  
  52  5:26  Photon Cannon  
  52  5:29  Photon Cannon  
  52  5:31  Protoss Ground Armor Level 1  
  52  5:32  Photon Cannon  
  52  5:34  Photon Cannon  
  52  5:35  Probe x2, Photon Cannon  
  52  5:36  Photon Cannon  
  52  5:37  Resonating Glaives (Chrono Boost)  
  42  6:18  Probe x2  
  42  6:21  Assimilator  
  42  6:23  Gateway  
  42  6:24  Assimilator  
  44  6:26  Gateway  
  44  6:28  Gateway  
  44  6:30  Pylon, Gateway  
  44  6:33  Pylon  
  44  6:36  Gateway  
  44  6:38  Gateway  
  44  6:40  Gateway  
  44  6:52  Observer  
  45  7:11  Protoss Ground Weapons Level 1 (Chrono Boost)  
  45  7:13  Forge, Pylon  
  45  7:16  Blink (Chrono Boost)  
  45  7:17  Pylon  
  45  7:32  Stalker  
  45  7:33  Stalker x4  
  45  7:35  Stalker  
  45  7:36  Stalker x2  
  61  7:37  Immortal  
  57  7:57  Adept x4  
  57  7:58  Adept  
  57  7:59  Adept x2  
  59  8:24  Stalker x3  
  59  8:25  Stalker x2  
  69  8:34  Probe x2  
  71  8:42  Pylon x2  
  71  8:49  Robotics Bay  
  71  8:59  Protoss Ground Armor Level 2 (Chrono Boost)  
  71  9:08  Stalker x2  
  75  9:11  Zealot x5  
  85  9:31  Immortal  
  89  9:45  Stalker x4  
  93  9:46  Stalker x2  
  101  10:01  Protoss Ground Weapons Level 2 (Chrono Boost)  
  101  10:13  Nexus  
  101  10:14  Pylon  
  101  10:17  Pylon  
  101  10:20  Pylon  
  59  10:45  Stalker x4  
  59  10:46  Stalker x3  
  65  10:55  Probe x2  
  67  11:02  Stalker  
  69  11:06  Warp Prism  
  72  11:11  Probe x2  
  73  11:23  Probe  
  73  11:25  Protoss Ground Armor Level 3 (Chrono Boost), Probe x2  
  76  11:34  Probe  
  76  11:37  Probe x2  
  76  11:39  Assimilator  
  79  11:42  Assimilator  
  79  11:43  Photon Cannon  
  79  11:44  Probe  
  80  11:49  Probe  
  81  11:59  Stalker  
  81  12:00  Stalker x3  
  81  12:01  Stalker  
  91  12:02  Probe  
  91  12:03  Probe  
  91  12:04  Probe  
  94  12:29  Disruptor  
  97  12:34  Stalker x4  
  97  12:35  Adept  
  107  12:39  Nexus  
  105  13:08  Stalker x4  
  105  13:11  Stalker x4  
  121  13:14  Disruptor  
  124  13:24  Pylon  
  124  13:26  Pylon  
  124  13:34  Adept  
  124  13:35  Adept x5  
  122  14:15  Stalker  
  122  14:16  Stalker x7  
Show
View Real Time Build Order
Export as new Build Order

Crusader Terran 

Build Orders: Reaper Expand 

Get SALT Encoding   

  12  0:01  SCV  
  13  0:13  SCV  
  14  0:21  Supply Depot  
  14  0:25  SCV  
  15  0:42  SCV  
  16  0:43  Barracks  
  16  0:46  Refinery  
  16  0:54  SCV  
  17  1:06  SCV  
  18  1:19  SCV  
  19  1:30  Reaper  
  19  1:31  Orbital Command  
  20  1:44  Command Center  
  20  1:59  SCV  
  21  2:02  Supply Depot, Reaper  
  22  2:11  SCV  
  23  2:23  Factory  
  23  2:25  SCV  
  24  2:37  SCV  
  25  2:45  Barracks Reactor  
  25  2:49  SCV  
  25  3:09  SCV  
  25  3:10  Orbital Command  
  25  3:12  Hellion  
  28  3:21  Marine x2  
  29  3:34  Barracks x2  
  29  3:36  Barracks x2  
  29  3:40  Marine x2  
  31  3:42  SCV x2  
  31  3:46  Factory Tech Lab  
  33  3:49  Supply Depot  
  33  3:55  SCV  
  33  3:56  SCV  
  35  4:04  Bunker  
  35  4:05  Marine x2  
  35  4:08  SCV x2  
  35  4:09  Engineering Bay  
  39  4:14  Siege Tank  
  42  4:19  Supply Depot  
  42  4:21  SCV x2  
  44  4:32  Barracks Tech Lab  
  44  4:33  Barracks Reactor x2  
  44  4:37  Missile Turret  
  44  4:38  Refinery  
  44  4:40  Missile Turret  
  44  4:41  SCV x2  
  44  4:42  Barracks Reactor  
  46  4:52  Supply Depot  
  46  4:53  Supply Depot, SCV x2  
  41  5:14  Marine x3  
  41  5:15  Marine  
  41  5:16  Marine  
  41  5:25  SCV x2  
  37  5:37  Marine x5, SCV  
  37  5:38  Marine, SCV  
  43  5:52  SCV x2  
  44  6:04  SCV x2  
  42  6:19  Missile Turret, SCV x2  
  42  6:21  Marine  
  42  6:22  Marine  
  45  6:36  Marine x3  
  45  6:38  SCV x2  
  49  6:49  Marine x3  
  52  6:58  Missile Turret  
  52  7:01  Marine x2  
  52  7:04  Stimpack  
  54  7:10  SCV x2  
  56  7:15  Missile Turret  
  49  7:36  Marine x4  
  47  7:39  SCV x2  
  46  7:57  Marine x6  
  46  7:58  Marine x2  
  53  8:03  SCV x2  
  56  8:05  Siege Tank  
  59  8:14  Refinery  
  59  8:15  Refinery, SCV x2  
  61  8:20  Marine x2  
  61  8:21  Marine x4  
  67  8:30  Supply Depot  
  67  8:33  Missile Turret  
  67  8:38  Missile Turret  
  67  8:41  Missile Turret  
  54  9:19  SCV x2  
  56  9:33  Marine x3, Siege Tank  
  56  9:34  Marine x4  
  56  9:35  Marine  
  56  9:36  Combat Shields, Marauder  
  69  9:38  Terran Infantry Weapons Level 1  
  69  9:41  Supply Depot x2  
  69  9:44  SCV x2  
  71  9:55  Supply Depot  
  71  9:56  SCV  
  71  9:57  Marine, SCV  
  71  9:59  Missile Turret  
  74  10:03  Marine x3  
  77  10:14  SCV x2  
  64  10:41  Marine x3  
  64  10:42  Marine x5  
  60  10:44  Marauder  
  66  11:04  Command Center  
  66  11:07  Marine x3, Siege Tank  
  66  11:08  Marine x2  
  71  11:22  Marine  
  71  11:23  Marine  
  73  11:27  Supply Depot, Marine x5  
  78  11:39  Siege Tank  
  81  11:46  Marine x5  
  81  11:47  Marine  
  87  12:10  Marine x5  
  87  12:11  Marine x2  
  94  12:16  Terran Infantry Armor Level 1  
  94  12:20  Missile Turret  
  94  12:23  Siege Tank  
  97  12:31  Marine x2  
  97  12:32  Marine x2  
  94  12:55  Marine x4  
  94  12:56  Marine  
  99  13:02  Marine x3  
  99  13:03  Siege Tank  
  99  13:04  Marauder, Concussive Shells  
  106  13:16  Planetary Fortress  
  106  13:28  Marine x4  
  108  13:35  Missile Turret  
  102  13:55  Marine x5  
  103  13:56  Marine  
  103  13:58  Starport  
  81  14:12  Armory  
  81  14:14  Engineering Bay  
Tags
 
Add a new tag
Caveats
  • Supply blocks, unpowered buildings, or Contaminate may cause inaccurate times.
  • Supply counts are checked every 10 seconds.